 Dungeon Sprint DCSS version 0.21.0-3-g78d12a8 (webtiles) character file.

16837 nuthulu the Severer (level 12, -1/127 HPs)
             Began as a Minotaur Fighter on Jan 11, 2018.
             Was the Champion of Makhleb.
             Slain by a spriggan berserker
             ... wielding a +0 rapier
              (30 damage)
             ... in the Dungeon (Sprint V: "Ziggurat Sprint").
             The game lasted 00:05:43 (462 turns).

nuthulu the Severer (Minotaur Fighter)               Turns: 462, Time: 00:05:43

Health: -1/127     AC: 37    Str: 31    XL:     12   Next: 13%
Magic:  11/11      EV:  3    Int:  5    God:    Makhleb [******]
Gold:   0          SH: 34    Dex: 19    Spells: 11/11 levels left

rFire    . . .     SeeInvis +   z - +14 obsidian axe {chop, +Fly SInv *Curse} (curse)
rCold    . . .     Gourm    .   B - +18 shield of the Gong {rElec rN+ MR+ EV-5}
rNeg     + . .     Faith    .   A - +15 Maxwell's patent armour {-Cast -Tele rElec MR+ rCorr}
rPois    .         Spirit   .   (helmet restricted)
rElec    +         Reflect  .   (no cloak)
rCorr    +         Harm     .   (no gloves)
MR       ++...     NoTele   +   I - +2 pair of boots {run} Stlth ..........NoCast +
                                J - amulet of the Endless Tables {Regen+ Dex+2}
HPRegen  0.71/turn              C - +6 ring of strength
MPRegen  0.12/turn              a - +6 ring of dexterity

@: lethally poisoned (-1 -> -3), afraid, grasped by roots, mesmerised, slow
A: retaliatory headbutt, horns 2
a: Minor Destruction, Lesser Servant of Makhleb, Major Destruction, Greater
Servant of Makhleb, Renounce Religion, Evoke Flight


You were in the Dungeon.
You worshipped Makhleb.
Makhleb was exalted by your worship.
You were not hungry.

You visited 1 branch

Inventory:

Hand Weapons
 z - the cursed +14 obsidian axe (weapon) {chop, +Fly SInv *Curse}
   (You found it in the Dungeon)

   It inflicts extra damage upon your enemies.
   It lets you see invisible.
   It lets you fly.
   It curses itself when equipped.
   It has a curse placed upon it.
Armour
 A - the +15 Maxwell's patent armour (worn) {-Cast -Tele rElec MR+ rCorr}
   (You found it in the Dungeon)

   It insulates you from electricity.
   It affects your resistance to hostile enchantments.
   It prevents spellcasting.
   It prevents most forms of teleportation.
   It protects you from acid and corrosion.
 B - the +18 shield of the Gong (worn) {rElec rN+ MR+ EV-5}
   (You found it in the Dungeon)

   It affects your evasion (-5).
   It insulates you from electricity.
   It protects you from negative energy.
   It affects your resistance to hostile enchantments.
 I - a +2 pair of boots of running (worn)
Jewellery
 a - a +6 ring of dexterity (right hand)
 b - a +6 ring of dexterity
 c - a +6 ring of intelligence
 o - a +6 ring of intelligence
 C - a +6 ring of strength (left hand)
 D - a +6 ring of strength
 E - the ring "Futaedif" {*Slow rPois rN+ Stlth+}
   (You found it in the Dungeon)

   [ring of positive energy]

   It protects you from poison.
   It protects you from negative energy.
   It may slow you when you take damage.
   It makes you more stealthy.
 F - an uncursed amulet of guardian spirit
 H - the ring of the Three Stories {Ice -Tele MR+++ Int+6 Stlth-}
   (You found it in the Dungeon)

   [ring of ice]

   It enhances your ice magic.
   It affects your intelligence (+6).
   It makes you vulnerable to fire.
   It protects you from cold.
   It affects your resistance to hostile enchantments.
   It prevents most forms of teleportation.
   It makes you less stealthy.
 J - the amulet of the Endless Tables (around neck) {Regen+ Dex+2}
   (You found it in the Dungeon)

   [amulet of regeneration]

   It affects your dexterity (+2).
   It increases your rate of regeneration.
Wands
 w - a wand of disintegration (7)
 x - a wand of iceblast (7)
 y - a wand of acid (7)
Scrolls
 k - 4 scrolls of blinking
 q - 4 scrolls of amnesia
 r - 7 scrolls of fog
 s - a scroll of holy word
 t - 5 scrolls of identify
 u - 5 scrolls of remove curse
 v - 2 scrolls of fear
 G - 3 scrolls of enchant armour
Potions
 d - 6 potions of might
 e - 10 potions of curing
 g - 10 potions of heal wounds
 h - 10 potions of haste
 i - 7 potions of magic
 j - 3 potions of berserk rage
 l - 2 potions of brilliance
 m - 2 potions of invisibility
 n - 4 potions of resistance
 p - 5 potions of agility
Comestibles
 f - 7 rations


   Skills:
 + Level 17.9 Fighting
 - Level 19.9 Axes
 + Level 19.9 Armour
 - Level 15.5 Shields


You had 11 spell levels left.
You didn't know any spells.

Dungeon Overview and Level Annotations

Branches:
Dungeon (1/1)

Altars:
Ashenzari
Cheibriados
Dithmenos
Elyvilon
Fedhas
Gozag
Hepliaklqana
Kikubaaqudgha
Makhleb
Nemelex Xobeh
Okawaru
Qazlal
Ru
Sif Muna
Trog
Uskayaw
Vehumet
Wu Jian
Xom
Yredelemnul
Zin
The Shining One
Beogh
Jiyva
Lugonu


Innate Abilities, Weirdness & Mutations

You reflexively headbutt those who attack you in melee.
You have a pair of horns on your head.


Message History

You feel better.
You hit the dire elephant but do no damage.
You slash the spriggan berserker! You open a gate to Pandemonium!
A demon appears!
Visions of slaying the spriggan berserker flood into your mind.
You feel sick.
The shambling mangrove closely misses your sun demon.
Your orange demon stings the dire elephant.
Your orange demon hits the dire elephant but does no damage.
The dire elephant tramples your orange demon!!!
Your orange demon holds its ground!
Your orange demon dies!
The spriggan air mage waves its arms in wide circles.
The air twists around and strikes you!
* * * LOW HITPOINT WARNING * * *
You block the dire elephant's attack.
BONNNG!
The dire elephant barely misses you.
The spriggan berserker hits you with a rapier!!
You die...

▓...[:::!...▓...8©8...
▓...........▓..[)}})..
▓...........▓...)3}...
▓...........▓....3....
▓......b....▓...3.....
▓...fc......▓...†))...
▓..▓fi4..▓..▓.........
▓...3iY.....▓.▓.....▓.
▓...[@YY....▓....©....
▓▓▓▓▓▓▓▓▓▓▓▓▓▓▓▓▓▓▓▓▓▓
▓...8©8...▓...8©8...▓.
▓..:")::[.▓..::.=)..▓.
▓..[:|:...▓...)::=..▓.
▓.........▓.........▓.
▓.........▓......)..▓.
▓.........▓...).†...▓.
▓.........▓.........▓.


You could see 3 dire elephants, 2 shambling mangroves, a satyr, a spriggan
berserker (berserk), a spriggan air mage, a red devil and a friendly sun demon.

Vanquished Creatures
  An acid blob (D)
  2 reapers (D)
  A dire elephant (D)
  A mummy priest (D)
  A great orb of eyes (D)
  2 death oozes (D)
  A spriggan air mage (D)
  2 two-headed ogres (D)
  A spriggan berserker (D)
  A deep elf knight (D)
  A glowing orange brain (D)
  2 cyclopes (D)
  2 deep elf magi (D)
  A shining eye (D)
  A naga mage (D)
  A jumping spider (D)
  A merfolk (D)
  3 trolls (D)
  A slime creature (D)
  A flying skull (D)
  2 spriggans (D)
  A water elemental (D)
  A shadow (D)
  An ushabti (D)
  A water moccasin (D)
  2 ogres (D)
  2 centaurs (D)
  2 earth elementals (D)
  4 scorpions (D)
  A wight (D)
  A crimson imp (D)
  2 jellies (D)
  A quasit (D)
  5 iron imps (D)
  3 mummies (D)
  A shadow imp (D)
  A white imp (D)
  An adder skeleton (D)
  2 bat zombies (D)
  2 ball pythons (D)
  A quokka skeleton (D)
  A quokka zombie (D)
65 creatures vanquished.

Vanquished Creatures (collateral kills)
  A hell hog (D)
  A slime creature (D)
  2 merfolk (D)
  A troll (D)
  A large abomination (D)
  2 nagas (D)
  A water moccasin (D)
  An adder skeleton (D)
  A bat skeleton (D)
  A ball python (D)
12 creatures vanquished.

Grand Total: 77 creatures vanquished

Notes
Turn   | Place    | Note
-------+----------+-------------------------------------------
     0 | D        | Found the +6 Majin-Bo {vamp, Archmagi MP+6 Int+6}
     0 | D        | Found the +7 great mace "Firestarter" {inner flame, rF++}
     0 | D        | nuthulu the Minotaur Fighter began the quest for the Orb.
     0 | D        | Reached XP level 1. HP: 19/19 MP: 0/0
     0 | D        | Found a deep blue altar of Sif Muna.
     0 | D        | Found a sacrificial altar of Ru.
     0 | D        | Found a bloodstained altar of Trog.
     0 | D        | Found a stormy altar of Qazlal.
     0 | D        | Found an iron altar of Okawaru.
     0 | D        | Found a sparkling altar of Nemelex Xobeh.
     0 | D        | Found a blossoming altar of Fedhas.
     2 | D        | Found a transporter.
     2 | D        | Found an ancient bone altar of Kikubaaqudgha.
     2 | D        | Found a viscous altar of Jiyva.
     2 | D        | Found a corrupted altar of Lugonu.
     2 | D        | Found a hazy altar of Hepliaklqana.
     2 | D        | Found a burning altar of Makhleb.
     2 | D        | Found an opulent altar of Gozag.
    17 | D        | Found the +9 heavy crossbow "Sniper" {velocity, Acc+∞ SInv}
    17 | D        | Found the +10 dark maul {crush}
    17 | D        | Found the +15 Maxwell's patent armour {-Cast -Tele rElec MR+ rCorr}
    17 | D        | Found the +18 shield of the Gong {rElec rN+ MR+ EV-5}
    17 | D        | Found the cursed +14 obsidian axe {chop, +Fly SInv *Curse}
    56 | D        | Became a worshipper of Makhleb the Destroyer
    59 | D        | Reached XP level 2. HP: 26/26 MP: 1/1
    89 | D        | Entered arena 2.
    89 | D        | Noticed a spriggan
    89 | D        | Noticed a spriggan
    89 | D        | Found a transporter.
    91 | D        | Killed a spriggan
    91 | D        | Reached skill level 10 in Axes
    91 | D        | Reached skill level 10 in Shields
    91 | D        | Reached XP level 3. HP: 31/31 MP: 2/2
    91 | D        | Reached XP level 4. HP: 39/39 MP: 3/3
    91 | D        | Reached XP level 5. HP: 45/45 MP: 4/4
    94 | D        | Killed a spriggan
    94 | D        | Reached XP level 6. HP: 51/51 MP: 5/5
   100 | D        | Entered arena 3.
   100 | D        | Found a transporter.
   101 | D        | Reached * piety under Makhleb
   109 | D        | Entered arena 4.
   109 | D        | Noticed a large abomination
   109 | D        | Found a transporter.
   111 | D        | Reached ** piety under Makhleb
   114 | D        | Killed a large abomination
   114 | D        | Reached *** piety under Makhleb
   114 | D        | Reached XP level 7. HP: 57/57 MP: 6/6
   118 | D        | Got the ring "Futaedif" {*Slow rPois rN+ Stlth+}
   121 | D        | Entered arena 5.
   121 | D        | Found a transporter.
   125 | D        | Reached **** piety under Makhleb
   192 | D        | Entered arena 6.
   192 | D        | Noticed a jumping spider
   192 | D        | Found a transporter.
   195 | D        | Killed a jumping spider
   196 | D        | Reached ***** piety under Makhleb
   202 | D        | Entered arena 7.
   202 | D        | Noticed a cyclops
   202 | D        | Noticed a merfolk
   202 | D        | Noticed a merfolk
   202 | D        | Noticed a merfolk
   203 | D        | Found a transporter.
   208 | D        | Reached XP level 8. HP: 64/64 MP: 5/7
   208 | D        | Killed a merfolk
   208 | D        | Reached skill level 15 in Shields
   209 | D        | Killed a merfolk
   209 | D        | Reached skill level 15 in Axes
   210 | D        | Killed a merfolk
   211 | D        | Killed a cyclops
   217 | D        | Entered arena 8.
   217 | D        | Noticed a deep elf mage
   217 | D        | Noticed a deep elf knight
   217 | D        | Noticed a deep elf mage
   218 | D        | Found a transporter.
   223 | D        | Killed a deep elf knight
   223 | D        | Reached XP level 9. HP: 70/70 MP: 6/8
   225 | D        | Killed a deep elf mage
   225 | D        | Killed a deep elf mage
   225 | D        | Reached ****** piety under Makhleb
   248 | D        | Entered arena 9.
   248 | D        | Noticed a mummy priest
   249 | D        | Found a transporter.
   250 | D        | Noticed a flayed ghost
   255 | D        | Reached skill level 5 in Armour
   260 | D        | Reached skill level 5 in Fighting
   261 | D        | Killed a mummy priest
   261 | D        | Reached skill level 10 in Armour
   261 | D        | Reached XP level 10. HP: 88/88 MP: 7/9
   281 | D        | Entered arena 10.
   281 | D        | Noticed a naga mage
   282 | D        | Found a transporter.
   288 | D        | Killed a naga mage
   297 | D        | Entered arena 11.
   297 | D        | Noticed a cyclops
   297 | D        | Noticed a two-headed ogre
   297 | D        | Noticed a two-headed ogre
   298 | D        | Found a transporter.
   302 | D        | Killed a two-headed ogre
   302 | D        | Reached skill level 10 in Fighting
   304 | D        | Killed a two-headed ogre
   304 | D        | Reached skill level 15 in Armour
   308 | D        | Killed a cyclops
   316 | D        | Got the ring of the Three Stories {Ice -Tele MR+++ Int+6 Stlth-}
   321 | D        | Entered arena 12.
   321 | D        | Noticed a reaper
   321 | D        | Noticed a hell hog
   322 | D        | Noticed a reaper
   323 | D        | Found a transporter.
   325 | D        | Killed a hell hog
   325 | D        | Reached XP level 11. HP: 98/106 MP: 8/10
   329 | D        | Noticed a sun demon
   337 | D        | Killed a reaper
   347 | D        | Killed a reaper
   354 | D        | Got the amulet of the Endless Tables {Regen+ Dex+2}
   388 | D        | Identified a +1 pair of boots of running (You found it in the Dungeon)
   410 | D        | Entered arena 13.
   410 | D        | Noticed a shining eye
   410 | D        | Noticed a glowing orange brain
   410 | D        | Noticed an acid blob
   410 | D        | Noticed a death ooze
   411 | D        | Noticed a death ooze
   411 | D        | Noticed a great orb of eyes
   412 | D        | Found a transporter.
   417 | D        | Killed a glowing orange brain
   417 | D        | Killed a death ooze
   417 | D        | Reached skill level 15 in Fighting
   420 | D        | Killed a shining eye
   420 | D        | Killed a death ooze
   423 | D        | Killed an acid blob
   425 | D        | Killed a great orb of eyes
   445 | D        | Entered arena 14.
   446 | D        | Noticed a spriggan air mage
   446 | D        | Noticed a spriggan berserker
   446 | D        | Noticed a spriggan air mage
   446 | D        | Noticed a dire elephant
   446 | D        | Noticed a satyr
   447 | D        | Noticed a shambling mangrove
   447 | D        | Noticed a spriggan berserker
   447 | D        | Noticed a dire elephant
   448 | D        | Noticed a dire elephant
   450 | D        | Noticed a death yak
   450 | D        | Noticed a shambling mangrove
   450 | D        | Noticed a dire elephant
   452 | D        | Noticed a green death
   457 | D        | Killed a dire elephant
   457 | D        | Reached XP level 12. HP: 87/125 MP: 11/11
   462 | D        | Killed a spriggan air mage
   462 | D        | Slain by a spriggan berserker

Skill      XL: |  1  2  3  4  5  6  7  8  9 10 11 |
---------------+----------------------------------+-----
Axes           | 6 10 11 12 14 18 19 | 19.9
Shields        | 7 10 12 13 14 15 | 15.5
Fighting       | 8 12 17 | 17.9
Armour         | 10 15 19 | 19.9

Action                   |  1- 3 |  4- 6 |  7- 9 | 10-12 || total
-------------------------+-------+-------+-------+-------++-------
Melee: Broad axe         |     1 |     8 |    30 |    60 ||    99
       Headbutt          |       |     2 |     8 |    22 ||    32
Invok: Greater Servant o |       |       |       |     1 ||     1
  Use: Potion            |     1 |       |       |       ||     1
       Scroll            |       |       |       |     1 ||     1
 Stab: Distracted        |       |       |     3 |     2 ||     5
Armor: Plate armour      |       |     2 |     4 |    15 ||    21
Dodge: Dodged            |       |     1 |     1 |     6 ||     8
Block: Shield            |     2 |     8 |    36 |    76 ||   122
